 Dungeon Crawl Stone Soup version 0.22-a0-254-gaf95ca0 (webtiles) character file.

33171 RoseArtemis the Warrior (level 13, -9/130 HPs)
             Began as a Minotaur Fighter on Mar 4, 2018.
             Was the Champion of Okawaru.
             Mangled by Rupert
             ... wielding a +0 great mace of protection
              (18 damage)
             ... on level 11 of the Dungeon.
             The game lasted 00:49:10 (23638 turns).

RoseArtemis the Warrior (Minotaur Fighter)         Turns: 23638, Time: 00:49:11

Health: -9/130     AC: 26    Str: 23    XL:     13   Next: 35%
Magic:  7/7        EV: 11    Int:  5    God:    Okawaru [******]
Gold:   899        SH: 12    Dex: 22    Spells: 12/12 levels left

rFire    . . .     SeeInvis .   a - +7 dagger of the Warrior {antimagic, rC+ MP+9 Dex+4}
rCold    + + .     Gourm    .   c - +0 shield
rNeg     . . .     Faith    .   J - +5 crystal plate armour
rPois    .         Spirit   .   (helmet restricted)
rElec    .         Reflect  .   (no cloak)
rCorr    .         Harm     .   (no gloves)
MR       .....                  o - +0 pair of boots
Stlth    ..........             (no amulet)
HPRegen  0.31/turn              r - ring of protection from cold
MPRegen  0.10/turn              D - ring of stealth

@: agile, about to teleport, starving
A: retaliatory headbutt, horns 2
a: Heroism, Finesse, Renounce Religion


You were on level 11 of the Dungeon.
You worshipped Okawaru.
Okawaru was exalted by your worship.
You were starving.

You visited 3 branches of the dungeon, and saw 18 of its levels.
You also visited: Labyrinth and Ice Cave.

You collected 1065 gold pieces.
You spent 166 gold pieces at shops.

Inventory:

Hand Weapons
 a - the +7 dagger of the Warrior (weapon) {antimagic, rC+ MP+9 Dex+4}
   (You took it off a kobold on level 8 of the Dungeon)

   It reduces the magical energy of the wielder, and disrupts the spells and
   magical abilities of those hit.
   Natural abilities and divine invocations are not affected.
   It affects your dexterity (+4).
   It protects you from cold.
   It affects your magic capacity (+9).
 b - a +4 hunting sling of freezing
 F - the +4 short sword of Mexy {pierce, SInv}
   (Okawaru gifted it to you on level 10 of the Dungeon)

   It inflicts extra damage upon your enemies.
   It lets you see invisible.
Missiles
 v - 83 sling bullets
Armour
 c - a +0 shield (worn)
 o - a +0 pair of boots (worn)
 G - a +4 chain mail of magic resistance
 J - a +5 crystal plate armour (worn)
Jewellery
 r - a ring of protection from cold (left hand)
 w - an uncursed ring of positive energy
 D - a ring of stealth (right hand)
Wands
 i - a wand of flame (63)
 j - a wand of disintegration (30)
 B - a wand of iceblast (6)
 H - a wand of acid (9)
 I - a wand of polymorph (26)
Scrolls
 e - 6 scrolls of remove curse
 g - 6 scrolls of fear
 k - a scroll of enchant weapon {unknown}
 l - 2 scrolls of noise {unknown}
 p - a scroll of fog {unknown}
 q - 4 scrolls of teleportation
 y - a scroll of blinking {unknown}
 z - 2 scrolls of acquirement {unknown}
 A - a scroll of amnesia {unknown}
 L - a scroll of silence {unknown}
Potions
 d - a potion of agility
 h - a potion of ambrosia {unknown}
 m - a potion of degeneration {unknown}
 n - 3 potions of flight
 s - a potion of berserk rage
 t - 6 potions of brilliance
 C - 2 potions of resistance
 K - a potion of mutation {unknown}
 O - a potion of experience {unknown}
 P - 2 potions of cancellation
Comestibles
 f - 20 rations


   Skills:
 + Level 16.6 Fighting
 - Level 12.2 Short Blades
   Level 2.7 Maces & Flails
 + Level 9.6 Armour
 - Level 5.0 Dodging
 + Level 9.2 Stealth
 - Level 6.4 Shields


You had 12 spell levels left.
You didn't know any spells.

Dungeon Overview and Level Annotations

Branches:
Dungeon (12/15)            Temple (1/1) D:6            Lair (5/6) D:9
 Shoals (0/4) Lair:2       Spider (0/4) Lair:2        Slime (0/5) Lair:5
    Orc (0/2) D:9

Altars:
Ashenzari
Cheibriados
Dithmenos
Elyvilon
Fedhas
Gozag
Hepliaklqana
Kikubaaqudgha
Makhleb
Nemelex Xobeh
Okawaru
Qazlal
Ru
Sif Muna
Trog
Uskayaw
Vehumet
Wu Jian
Xom
Yredelemnul
Zin
The Shining One

Shops:
D:5 [   D:6 (   D:7 ?   D:10 =

Portals:
Trove: D:10 (give +5 demon whip)

Annotations:
D:11 Rupert


Innate Abilities, Weirdness & Mutations

You reflexively headbutt those who attack you in melee.
You have a pair of horns on your head.


Message History

You hit Rupert but do no damage. You headbutt Rupert, but do no damage.
Rupert is moderately wounded.
You block Rupert's attack.
You hit Rupert but do no damage. You headbutt Rupert, but do no damage.
Rupert is moderately wounded.
Your crystal plate armour prevents you from hitting Rupert.
You headbutt Rupert, but do no damage.
Rupert is moderately wounded.
Rupert misses you. You furiously retaliate!
You headbutt Rupert! You hit Rupert but do no damage.
Rupert is moderately wounded.
Rupert hits you with a great mace of protection!
* * * LOW HITPOINT WARNING * * *
You hit Rupert but do no damage.
Rupert is moderately wounded.
Your shield and crystal plate armour prevent you from hitting Rupert.
You headbutt Rupert!
Rupert is heavily wounded.
Rupert hits you with a great mace of protection!!
You die...

.##############..........#######.
.# #..........# #. .#
#..........# #.
.##############..........#######.
.................................
.......................(.........
############..........(#########.
#.########(.# #.
############...†@......#########.
.................@...............
#########............[...........
#...................<....
#....[...................
#########........................
...........<.....................
###########...........##########.
###########...........# #.


You could see Rupert (berserk).

Vanquished Creatures
  A minotaur (Lab)
  Harold (Lair:2)
  The ghost of Thaneod the Cleaver, a journeyman DsBe of Trog (D:12)
  2 hydras
  Erica (D:8)
  3 two-headed ogres
  Nergalle (D:11)
  An unseen horror (D:11)
  Pikel (D:8)
  A deep elf mage (D:12)
  An ugly thing (D:11)
  A wolf spider (Lair:2)
  2 cyclopes
  Maurice (D:8)
  A centaur zombie (D:10)
  A black mamba (Lair:4)
  6 spiny frogs
  2 rime drakes (Lair:2)
  A gargoyle (Lab)
  5 komodo dragons
  2 trolls
  A hornet (D:10)
  A slime creature (Lair:5)
  Prince Ribbit (D:8)
  10 blink frogs
  6 hippogriffs
  3 redbacks (Lair:2)
  A spriggan (D:7)
  A vampire (D:10)
  22 yaks
  Grum (D:9)
  3 wyverns
  2 basilisks (Lair:1)
  2 hungry ghosts
  2 soldier ants (D:11)
  5 porcupines
  13 water moccasins
  4 orc warriors
  2 slaves
  2 sky beasts
  A necrophage (D:9)
  5 ice beasts
  3 ogres
  2 phantoms (D:4)
  8 centaurs
  13 wolves
  6 crocodiles
  Blork the orc (D:6)
  4 big kobolds
  An earth elemental (Lab)
  7 bullfrogs
  7 scorpions
  10 wights
  An electric eel (Lair:1)
  The ghost of kegs the Firebug, a weakling DrFE (D:3)
  4 howler monkeys
  2 bullfrog zombies
  8 crimson imps
  A quasit (D:10)
  9 jellies
  14 hounds
  4 orc priests
  A bullfrog skeleton (D:10)
  Crazy Yiuf (D:6)
  2 centaur skeletons
  6 iguanas
  5 worker ants
  6 orc wizards
  A hound skeleton (D:9)
  3 worker ant zombies
  9 adders
  3 shadow imps
  3 oozes
  An adder skeleton (D:9)
  A worm (D:3)
  3 dart slugs
  4 leopard geckos
  35 orcs
  2 ball pythons
  3 giant cockroaches
  5 hobgoblins
  14 jackals
  7 quokkas
  7 bats
  2 frilled lizards (D:1)
  9 goblins
  A jackal skeleton (D:7)
  30 kobolds
  A quokka skeleton (D:5)
  8 rats
403 creatures vanquished.

Vanquished Creatures (others)
  A slave (D:8)
  An ogre (D:8)
  A fungus (Lair:3)
  3 plants
6 creatures vanquished.

Grand Total: 409 creatures vanquished

Notes
Turn   | Place    | Note
-------+----------+-------------------------------------------
     0 | D:1      | RoseArtemis the Minotaur Fighter began the quest for the Orb.
     0 | D:1      | Reached XP level 1. HP: 19/19 MP: 0/0
   379 | D:1      | Reached XP level 2. HP: 27/27 MP: 1/1
   510 | D:1      | Reached skill level 4 in Fighting
   821 | D:1      | Reached skill level 1 in Short Blades
  1294 | D:2      | Reached XP level 3. HP: 31/33 MP: 2/2
  1305 | D:2      | Found a sparkling altar of Nemelex Xobeh.
  1616 | D:2      | Found a bloodstained altar of Trog.
  1679 | D:3      | Found a blossoming altar of Fedhas.
  1749 | D:3      | Found a glowing golden altar of the Shining One.
  1788 | D:3      | Noticed kegs's ghost (weakling DrFE)
  1830 | D:3      | Killed kegs's ghost
  1830 | D:3      | Reached XP level 4. HP: 7/41 MP: 3/3
  2628 | D:3      | Found an opulent altar of Gozag.
  2703 | D:4      | Reached XP level 5. HP: 44/47 MP: 4/4
  2849 | D:4      | Reached skill level 5 in Fighting
  2849 | D:4      | Reached skill level 5 in Armour
  3021 | D:4      | Reached XP level 6. HP: 56/56 MP: 5/5
  3332 | D:4      | Reached skill level 5 in Short Blades
  3673 | D:4      | Reached XP level 7. HP: 52/62 MP: 6/6
  3900 | D:4      | Reached skill level 6 in Fighting
  4313 | D:5      | Entered Level 5 of the Dungeon
  4413 | D:5      | Found a stormy altar of Qazlal.
  4976 | D:5      | Found Baiclito's Antique Armour Emporium.
  5037 | D:5      | You fall through a shaft!
  5078 | D:6      | Found Dacveg's Antique Weapon Shoppe.
  5086 | D:6      | Bought a glowing hunting sling for 166 gold pieces
  5088 | D:6      | Reached XP level 8. HP: 70/70 MP: 7/7
  5304 | D:6      | Found a glowing silver altar of Zin.
  5307 | D:6      | Found a basalt altar of Yredelemnul.
  5310 | D:6      | Found a hide-covered altar of Uskayaw.
  5845 | D:6      | Reached skill level 7 in Fighting
  5864 | D:6      | Found a runed door.
  5905 | D:6      | Noticed Blork the orc
  5918 | D:6      | Killed Blork the orc
  5951 | D:6      | HP: 3/73 [poisoned by a water moccasin]
  5956 | D:6      | HP: 2/73 [poisoned by a water moccasin]
  5964 | D:6      | HP: 2/73 [poisoned by a water moccasin]
  5972 | D:6      | HP: 2/73 [poisoned by a water moccasin]
  6465 | D:6      | Found a staircase to the Ecumenical Temple.
  6829 | D:6      | Noticed Crazy Yiuf
  6833 | D:6      | Killed Crazy Yiuf
  6973 | Temple   | Entered the Ecumenical Temple
  7178 | Temple   | Became a worshipper of Warmaster Okawaru
  7831 | D:7      | Reached * piety under Okawaru
  7831 | D:7      | Reached skill level 8 in Fighting
  7831 | D:7      | Reached skill level 10 in Short Blades
  7831 | D:7      | Reached XP level 9. HP: 76/81 MP: 8/8
  7906 | D:7      | Found Noxof's Magic Scroll Shop.
  8439 | D:7      | Found an opulent altar of Gozag.
  8923 | D:8      | Reached skill level 5 in Shields
  8926 | D:8      | Noticed Pikel
  9084 | D:8      | Noticed a two-headed ogre
  9303 | D:8      | Killed a two-headed ogre
  9303 | D:8      | Reached ** piety under Okawaru
  9303 | D:8      | Reached skill level 9 in Fighting
  9487 | D:8      | Noticed a two-headed ogre
  9506 | D:8      | Killed a two-headed ogre
  9506 | D:8      | Reached *** piety under Okawaru
  9506 | D:8      | Reached XP level 10. HP: 30/91 MP: 9/9
  9781 | D:8      | Found an ancient bone altar of Kikubaaqudgha.
  9796 | D:8      | Noticed Maurice
  9808 | D:8      | Killed Pikel
  9860 | D:8      | Killed Maurice
  9860 | D:8      | Reached skill level 10 in Fighting
 10009 | D:8      | Noticed Prince Ribbit
 10024 | D:8      | Killed Prince Ribbit
 10142 | D:8      | Reached **** piety under Okawaru
 10269 | D:8      | Got an uncursed bloodstained dagger {antimagic}
 10270 | D:8      | Identified the +7 dagger of the Warrior {antimagic, rC+ MP+9 Dex+4} (You took it off a kobold on level 8 of the Dungeon)
 10279 | D:8      | Noticed Erica
 10295 | D:8      | Killed Erica
 10295 | D:8      | Reached skill level 11 in Fighting
 10998 | D:9      | Reached skill level 1 in Dodging
 11011 | D:9      | Found a hazy altar of Hepliaklqana.
 11048 | D:9      | Found a radiant altar of Vehumet.
 11050 | D:9      | Found a shadowy altar of Dithmenos.
 11054 | D:9      | Reached skill level 1 in Stealth
 11326 | D:9      | Found a staircase to the Lair.
 11350 | D:9      | Reached skill level 12 in Fighting
 11652 | D:9      | Found a snail-covered altar of Cheibriados.
 11679 | D:9      | Noticed Grum
 11703 | D:9      | Killed Grum
 11703 | D:9      | Reached ***** piety under Okawaru
 11904 | D:9      | Reached XP level 11. HP: 100/104 MP: 6/10
 11935 | D:9      | Found a staircase to the Orcish Mines.
 11986 | D:9      | Found a burning altar of Makhleb.
 12195 | D:10     | Entered Level 10 of the Dungeon
 12755 | D:10     | Found Tetoho Cais's Jewellery Shoppe.
 12974 | D:10     | Reached skill level 5 in Dodging
 12990 | D:10     | Found a portal to a secret trove of treasure.
 13100 | D:10     | Noticed a two-headed ogre
 13107 | D:10     | Killed a two-headed ogre
 13107 | D:10     | Received a gift from Okawaru
 13107 | D:10     | Reached skill level 13 in Fighting
 13108 | D:10     | Got a scorched short sword {god gift}
 13109 | D:10     | Identified the +4 short sword of Mexy {pierce, SInv} (Okawaru gifted it to you on level 10 of the Dungeon)
 13567 | Lair:1   | Entered Level 1 of the Lair of Beasts
 13704 | Lair:1   | Reached skill level 5 in Stealth
 13821 | Lair:1   | Found a frozen archway.
 13914 | IceCv    | Entered an ice cave
 13914 | IceCv    | Noticed a white ugly thing
 14118 | Lair:1   | Reached skill level 14 in Fighting
 14775 | Lair:1   | Received a gift from Okawaru
 15262 | Lair:2   | Noticed Harold
 15281 | Lair:2   | Killed Harold
 15281 | Lair:2   | Reached XP level 12. HP: 75/118 MP: 6/11
 16012 | Lair:2   | Found a hole to the Spider Nest.
 16073 | Lair:2   | Found a staircase to the Shoals.
 16321 | Lair:2   | Reached skill level 15 in Fighting
 16872 | Lair:3   | Found a labyrinth entrance.
 16889 | Lab      | Entered a labyrinth
 17557 | Lab      | Noticed a minotaur
 17585 | Lab      | Killed a minotaur
 17956 | Lab      | Identified the Compendium of Boosting Ignition
 18442 | Lair:3   | Received a gift from Okawaru
 18935 | Lair:4   | Noticed a four-headed hydra
 18945 | Lair:4   | Killed a four-headed hydra
 20299 | Lair:5   | Found a staircase to the Slime Pits.
 20319 | Lair:5   | Reached skill level 16 in Fighting
 20766 | Lair:5   | Noticed a seven-headed hydra
 20781 | Lair:5   | Killed a seven-headed hydra
 20781 | Lair:5   | Reached XP level 13. HP: 65/128 MP: 7/12
 21811 | D:11     | Reached ****** piety under Okawaru
 22727 | D:11     | Noticed Nergalle
 22743 | D:11     | Killed Nergalle
 22791 | D:12     | Found a white marble altar of Elyvilon.
 23028 | D:12     | Noticed Thaneod's ghost (journeyman DsBe)
 23065 | D:12     | Killed Thaneod's ghost
 23121 | D:12     | Noticed Rupert
 23162 | D:12     | Paralysed by Rupert for 6 turns
 23578 | D:12     | Paralysed by Rupert for 7 turns
 23606 | D:11     | Paralysed by Rupert for 4 turns
 23614 | D:11     | Paralysed by Rupert for 7 turns
 23638 | D:11     | Mangled by Rupert

Vault maps used:
D:1:      lightli_arrival_statue_moat, minmay_misc_feat_nine_boxes,
          hangedman_decor_clover_reticule, nrook_mini_backslash
D:2:      bloody_trog, nemelex_dance_club_becter
D:3:      nicolae_overflow_crystal_walls, lemuel_round_altar, minivault_4,
          grunt_gozag_breadcrumbs
D:4:      first_ration, hangedman_abyss_or_decor_passed,
          hangedman_decor_opposing
D:5:      serial_shops, kennysheep_mini_moat, nicolae_qazlal_general_emergency
D:6:      grunt_temple_overflow_diamond, minmay_temple_entry_trees,
          serial_shops, nicolae_shop_trees, uniq_blork_the_orc,
          uniq_crazy_yiuf_cottage
D:7:      kennysheep_mini, serial_shops, shop, the_bakery,
          kennysheep_generic_room_3
D:8:      corexii_shack_village, kiku_gazebo_pond_becter, uniq_maurice,
          uniq_erica, uniq_prince_ribbit1, uniq_pikel
D:9:      lemuel_doored_altar, lemuel_round_altar, makhleb_blood_cavern_becter,
          chequers_temple_overflow_statue_of_worship, erik_lair_island,
          uniq_grum
D:10:     serial_shops, nicolae_shop_behind_doors,
          nicolae_trove_entry_free_sample, kennysheep_doodads
D:11:     serial_bayou_crossing, uniq_nergalle
D:12:     serial_shops, shop, basic_altar, elyvilon_altar_5, uniq_rupert
Temple:   jpeg_temple_island
Lair:1:   portal_ice_cave_entry_pillars_2, serial_bayou_shore_a,
          lemuel_fruit_tree
Lair:2:   elwin_shoals_entry_rocks, spider_nest_entry_funnel_web,
          grunt_megastairs_5, uniq_harold
Lair:3:   lab_entry_generic
Lair:4:   lemuel_fruit_fields
Lair:5:   minmay_slime_entry_pillars, infiniplex_staircase_pool_2,
          grunt_megastairs_3
Lab:      labyrinth_spiral, nicolae_lab_diamond
IceCv:    ice_cave_statue_garden_teleport

Skill      XL: |  1  2  3  4  5  6  7  8  9 10 11 12 13 |
---------------+----------------------------------------+-----
Fighting       | 4 5 6 8 9 12 14 16 | 16.6
Armour         | 4 5 6 8 9 |  9.6
Short Blades   | 1 2 3 4 5 7 10 11 12 | 12.2
Shields        | 6 |  6.4
Dodging        | 3 5 |  5.0
Stealth        | 2 5 8 9 |  9.2
Maces & Flails | |  2.7

Action                   |  1- 3 |  4- 6 |  7- 9 | 10-12 | 13-15 || total
-------------------------+-------+-------+-------+-------+-------++-------
Melee: Flail             |    15 |       |       |       |       ||    15
       Headbutt          |    15 |    37 |   106 |   335 |   130 ||   623
       Short sword       |   106 |   184 |   456 |   101 |     4 ||   851
       Dagger            |       |       |       |   917 |   321 ||  1238
  Use: Potion            |     1 |       |     4 |     7 |     6 ||    18
       Scroll            |       |       |    11 |    17 |     2 ||    30
  Eat: Chunk             |     3 |     6 |    14 |    27 |     5 ||    55
       Ration            |       |       |     2 |     3 |     1 ||     6
Armor: Scale mail        |    37 |    47 |    78 |    56 |       ||   218
       Plate armour      |       |       |       |    46 |       ||    46
       Crystal plate arm |       |       |       |   113 |   185 ||   298
       Chain mail        |       |       |       |    26 |       ||    26
Dodge: Dodged            |    28 |    40 |    53 |   148 |    57 ||   326
Block: Shield            |    42 |    69 |   123 |   326 |   150 ||   710

Table legend:
 A = Spawn XP
 B = Non-spawn XP
 C = Spawn XP percentage of total XP
 D = Spawn monster count
 E = Non-spawn monster count
 F = Spawn count percentage of total count
 G = Total turns spent on level
                    A         B        C        D         E        F      G
               +---------+---------+-------+---------+---------+-------+---------
         Total |       0 |   47388 |   0.0 |       0 |     401 |   0.0 | 23638
               +---------+---------+-------+---------+---------+-------+---------
           D:1 |       0 |      30 |   0.0 |       0 |      18 |   0.0 |   976
           D:2 |       0 |      33 |   0.0 |       0 |       9 |   0.0 |   998
           D:3 |       0 |     131 |   0.0 |       0 |      25 |   0.0 |   825
           D:4 |       0 |     764 |   0.0 |       0 |      29 |   0.0 |  1746
           D:5 |       0 |     593 |   0.0 |       0 |      12 |   0.0 |   942
           D:6 |       0 |     841 |   0.0 |       0 |      24 |   0.0 |  1722
           D:7 |       0 |    1569 |   0.0 |       0 |      25 |   0.0 |  2016
           D:8 |       0 |    5117 |   0.0 |       0 |      45 |   0.0 |  1569
           D:9 |       0 |    2363 |   0.0 |       0 |      36 |   0.0 |  1195
          D:10 |       0 |    4840 |   0.0 |       0 |      37 |   0.0 |  1398
          D:11 |       0 |    6117 |   0.0 |       0 |      41 |   0.0 |  1845
          D:12 |       0 |    2734 |   0.0 |       0 |       9 |   0.0 |   445
        Lair:1 |       0 |    3653 |   0.0 |       0 |      19 |   0.0 |  1457
        Lair:2 |       0 |    5063 |   0.0 |       0 |      13 |   0.0 |  1797
        Lair:3 |       0 |    1707 |   0.0 |       0 |      12 |   0.0 |  1035
        Lair:4 |       0 |    5751 |   0.0 |       0 |      25 |   0.0 |  1322
        Lair:5 |       0 |    4443 |   0.0 |       0 |      19 |   0.0 |  1045
           Lab |       0 |    1639 |   0.0 |       0 |       3 |   0.0 |  1070
               +---------+---------+-------+---------+---------+-------+---------
